AoeStats
← Smada0702

Lombardia

509444013Analyzed
3v3 RM · 6d ago on Sep 26, 2026· 132m 46s· 6 players
Game mode
Random Map
Map size
Normal (6 player)
Population
200
Speed
Normal
Resources
Standard
Victory
Conquest
Starting age
Dark Age
Ending age
Imperial Age
RankedLock teamsTeams togetherTeam positionsShared explorationLock speedFull tech treeHidden civsTurbo modeCheats
Victory
Defeat
🇹🇷 Franks · Türkiye
613
+16
🇹🇷 Goths · Türkiye
563
+18
🇹🇷 Khmer · Türkiye
558
+18
🇺🇸 Danes · United States
644
-18
🇺🇸 Franks · United States
627
-18
🇺🇸 Saxons · United States
565
-16
Turshu
13:44 Feudal Age
14:53 Double-Bit Axe
17:12 Gold Mining
18:09 Scale Barding Armor
22:17 Castle Age
23:57 Chain Barding Armor
27:05 Bow Saw
27:10 Forging
27:05 Husbandry
31:53 Caravan
34:54 Iron Casting
34:16 Pikeman
35:53 Stone Mining
36:45 Gold Shaft Mining
36:20 Squires
43:19 Imperial Age
43:05 Scale Mail Armor
46:16 Cavalier
47:36 Plate Barding Armor
48:02 Blast Furnace
47:18 Chain Mail Armor
47:04 Halberdier
48:54 Paladin
49:50 Chivalry
56:17 Light Cavalry
79:40 Coinage
90:52 Banking
109:50 Elite Throwing Axeman
TeamLeo55
9:15 Loom
12:25 Feudal Age
18:53 Double-Bit Axe
28:10 Castle Age
26:25 Forging
26:15 Scale Mail Armor
26:21 Scale Barding Armor
26:09 Fletching
26:21 Padded Archer Armor
27:47 Stone Mining
27:49 Gold Mining
27:49 Horse Collar
28:12 Arson
31:21 Bow Saw
31:28 Pikeman
37:25 Imperial Age
39:25 Heavy Scorpion
39:30 Elite Ballista Elephant
40:48 Hoardings
41:08 Gold Shaft Mining
40:26 Town Watch
42:11 Double Crossbow
43:38 Masonry
43:49 Ballistics
43:23 Guard Tower
43:56 Heavy Plow
45:14 Architecture
46:02 Halberdier
48:40 Stone Shaft Mining
49:13 Wheelbarrow
97:10 Onager
107:00 Caravan
107:31 Coinage
Los Pepes
11:48 Feudal Age
18:54 Castle Age
18:07 Horse Collar
18:16 Double-Bit Axe
18:35 Gold Mining
18:55 Stone Mining
27:02 Wheelbarrow
26:47 Town Watch
27:36 Caravan
28:34 Town Patrol
29:30 Hand Cart
30:42 Forging
30:39 Loom
31:49 Coinage
31:38 Scale Mail Armor
31:52 Bow Saw
31:47 Heavy Plow
31:31 Pikeman
36:13 Anarchy
36:30 Chain Mail Armor
37:05 Squires
40:13 Imperial Age
39:19 Iron Casting
42:26 Crop Rotation
41:25 Elite Huskarl
42:26 Conscription
41:29 Halberdier
43:13 Blast Furnace
43:18 Two-Man Saw
42:55 Banking
42:36 Guilds
42:26 Murder Holes
42:42 Masonry
43:24 Perfusion
43:59 Sappers
45:06 Architecture
44:18 Treadmill Crane
45:44 Stone Shaft Mining
45:14 Man-at-Arms
46:11 Long Swordsman
47:32 Ballistics
48:19 Chemistry
48:22 Two-Handed Swordsman
49:08 Fletching
49:32 Champion
100:09 Heavy Scorpion
EL Loodo
7:33 Loom
20:19 Feudal Age
23:11 Wheelbarrow
22:25 Double-Bit Axe
26:21 Castle Age
25:02 Gold Mining
25:02 Stone Mining
25:38 Scale Barding Armor
26:41 Forging
28:21 Bow Saw
29:11 Husbandry
31:05 Hand Cart
34:12 Chain Barding Armor
34:28 Iron Casting
40:33 Imperial Age
41:50 Plate Barding Armor
41:32 Chivalry
41:50 Caravan
41:56 Cavalier
46:05 Blast Furnace
45:44 Paladin
48:33 Fletching
48:43 Padded Archer Armor
51:45 Leather Archer Armor
51:26 Bodkin Arrow
51:03 Cranequins
56:38 Ordonnance Companies
57:55 Heavy Mounted Crossbowman
59:09 Elite Throwing Axeman
69:29 Scale Mail Armor
71:22 Chain Mail Armor
71:37 Illumination
71:12 Devotion
71:32 Sanctity
71:23 Fervor
75:17 Plate Mail Armor
74:20 Elite Skirmisher
119:49 Capped Ram
Smada0702
10:24 Loom
12:10 Feudal Age
13:43 Horse Collar
15:02 Wheelbarrow
17:53 Double-Bit Axe
20:58 Stone Mining
21:04 Gold Mining
22:30 Forging
22:21 Scale Mail Armor
24:59 Castle Age
25:07 Castle Age
26:45 Bow Saw
27:25 Gold Shaft Mining
29:08 Heavy Plow
29:18 Squires
29:04 Gambesons
28:40 Pikeman
29:06 Arson
28:42 Man-at-Arms
32:04 Clerical Recruitment
36:36 Sanctity
39:04 Imperial Age
39:55 Ballistics
39:28 Guard Tower
39:52 Fortified Wall
39:53 Masonry
40:56 Chemistry
39:41 Treadmill Crane
40:07 Shield Wall
41:47 Iron Casting
41:29 Chain Mail Armor
41:14 Padded Archer Armor
41:05 Fletching
41:21 Scale Barding Armor
41:50 Elite Hearth Troop
42:25 Crossbowman
43:10 Thumb Ring
47:29 Two-Man Saw
47:27 Crop Rotation
47:40 Plate Mail Armor
47:26 Leather Archer Armor
47:58 Keep
47:13 Arrowslits
48:12 Architecture
47:59 Murder Holes
48:13 Heated Shot
48:22 Bodkin Arrow
57:52 Hoardings
57:01 Sappers
58:36 Hand Cart
63:16 Elite Varangian Guard
65:42 Man-at-Arms
67:22 Capped Ram
72:21 Ring Archer Armor
71:52 Bracer
74:55 Arbalester
75:24 Cranequins
98:52 Siege Ram
107:46 Guilds
117:57 Heavy Scorpion
120:40 Coinage
123:19 Long Swordsman
126:39 Banking
Kenshin Brown
10:22 Feudal Age
11:02 Double-Bit Axe
11:34 Horse Collar
16:23 Castle Age
22:03 Heavy Plow
22:09 Loom
33:51 Imperial Age
33:12 Arson
33:14 Gambesons
33:33 Squires
34:30 Wheelbarrow
36:14 Hand Cart
37:33 Onager
38:19 Elite Varangian Guard
38:21 Elite Jomsviking
39:25 Conscription
38:30 Cranequins
39:16 Thumb Ring
40:21 Siege Onager
41:18 Heavy Mounted Crossbowman
42:42 Forging
42:33 Scale Mail Armor
42:24 Fletching
42:34 Padded Archer Armor
42:41 Scale Barding Armor
43:15 Siege Engineers
44:15 Chemistry
44:40 Iron Casting
44:21 Chain Mail Armor
44:26 Chain Barding Armor
44:02 Bodkin Arrow
44:25 Leather Archer Armor
44:27 Gold Mining
44:15 Hamask
45:43 Bracer
46:43 Blast Furnace
46:14 Plate Mail Armor
46:19 Plate Barding Armor
46:15 Ring Archer Armor
45:45 Northmen's Fury
49:14 Gold Shaft Mining
77:33 Caravan
Connection lost

Rejoining the realm…

Still unreachable

The connection could not be restored.

Session expired

The server has moved on; the page needs a fresh start.